 Dungeon Crawl Stone Soup version 0.20.0-15-g7f486f2 (webtiles) character file.

414 Angani the Ducker (level 6, 0/30 HPs)
             Began as a Vine Stalker Venom Mage on June 10, 2017.
             Slain by a howler monkey (5 damage)
             ... on level 4 of the Dungeon.
             The game lasted 00:14:54 (3448 turns).

Angani the Ducker (Vine Stalker Venom Mage)         Turns: 3448, Time: 00:14:55

Health: 0/30       AC:  3    Str: 12    XL:     6   Next: 91%
Magic:  0/10       EV: 14    Int: 15    God:
Gold:   175        SH:  5    Dex: 15    Spells: 8/9 levels left

rFire    . . .     SeeInvis .   i - +1 short sword
rCold    . . .     Gourm    .   (no shield)
rNeg     . . .     Faith    .   a - +0 robe
rPois    .         Spirit   +   (helmet restricted)
rElec    .         Reflect  +   d - +0 cloak
rCorr    .         Harm     .   (no gloves)
MR       .....                  (no boots)
Stlth    +++.......             p - +5 amulet of reflection
Regen    0.5/turn               e - ring of stealth
MPRegen  0.2/turn               (no ring)

@: no status effects
A: antennae 1, fangs 2, regeneration 1, screaming 1, magic shield, antimagic
bite, no potion heal 3, rot immunity
a: no special abilities


You were on level 4 of the Dungeon.
You were hungry.

You visited 1 branch of the dungeon, and saw 5 of its levels.

You collected 175 gold pieces.

Inventory:

Hand Weapons
 i - a +1 short sword (weapon)
Armour
 a - a +0 robe (worn)
 d - a +0 cloak (worn)
 g - a +0 helmet
Jewellery
 e - a ring of stealth (left hand)
 f - an uncursed ring of protection from magic {unknown}
 p - a +5 amulet of reflection (around neck)
Scrolls
 k - a scroll of enchant weapon
 n - a scroll of recharging
Potions
 h - a potion of heal wounds
 j - a potion of curing
Books
 b - a Young Poisoner's Handbook

   Spells                             Type                      Level
   a - Sting                          Conjuration/Poison           1
   b - Poisonous Vapours              Poison/Air                   2
   c - Mephitic Cloud                 Conjuration/Poison/Air       3
   d - Olgreb's Toxic Radiance        Poison                       4
   e - Venom Bolt                     Conjuration/Poison           5
Comestibles
 c - 2 bread rations
 l - 4 fruits
 r - a meat ration


   Skills:
 - Level 2.0 Fighting
 - Level 2.0 Short Blades
 - Level 2.1 Armour
 + Level 4.4 Dodging
 - Level 2.4 Stealth
 - Level 2.1 Spellcasting
 - Level 1.0 Conjurations
 - Level 3.0 Poison Magic


You had 8 spell levels left.
You knew the following spells:

 Your Spells              Type           Power        Failure   Level  Hunger
a - Sting                 Conj/Pois      #...         10%         1    #......


Dungeon Overview and Level Annotations

Branches:
Dungeon (5/15)
 Temple: D:4-7

Altars:
Qazlal
Zin


Innate Abilities, Weirdness & Mutations

You have extremely sharp teeth.
Your natural rate of healing is unusually fast.
When hurt, damage is shared between your health and your magic reserves.
Your bite disrupts and absorbs the magic of your enemies.
Potions cannot restore your health.
You are immune to rotting.
You have a pair of small antennae on your head.
You occasionally shout uncontrollably at your foes.


Message History

Aiming: Sting
Press: ? - help, Shift-Dir - straight line, f/p - orc priest
Aim: an orc priest, wielding a mace The sting misses the howler monkey.
The sting hits the ooze.
The ooze appears unharmed.
The howler monkey misses you. The howler monkey hits you.
* * * LOW HITPOINT WARNING * * *
Unknown command.
Casting: Sting
Confirm with . or Enter, or press ? or * to list all spells.
Aiming: Sting
Press: ? - help, Shift-Dir - straight line, f/p - orc priest
Aim: an orc priest, wielding a mace The sting misses the howler monkey.
The sting hits the ooze.
The ooze appears unharmed.
The howler monkey closely misses you.
Unknown command.
You hit the howler monkey.
The howler monkey is heavily wounded.
The howler monkey hits you.
You die...

#...# #...K.K.K#
#.##...$.#.
......#####K#
#####....#.
..###..## #o#
####### #(##..###.#
# # #.#...##.#
..(.##.o.....#
#....WJ##..##
...#...#h##.#
#...#..##@#.## #.#
#.#....{###..# #.#
# .....{....o# ###
#.#
##.....<....###....
#.#
#..........#...#
#.# #.........S{.#
####.####
....%...######.#
#.......#
........<.h..h..
#...<...#
......##.S.?.[.#


You could see a phantom, a howler monkey, an orc priest and an ooze.

Vanquished Creatures
  The ghost of Chiseanne the Skirmisher, an amateur DsWn (D:4)
  An ogre (D:4)
  An orc priest (D:4)
  A worker ant (D:2)
  5 adders
  2 oozes
  2 worms (D:2)
  2 dart slugs (D:1)
  3 leopard geckos
  9 orcs
  2 giant cockroaches
  6 goblins
  4 hobgoblins (D:1)
  4 jackals (D:1)
  2 quokkas
  10 bats
  2 frilled lizards
  18 kobolds
  8 rats
83 creatures vanquished.

Vanquished Creatures (others)
  A dart slug (D:2)
  A goblin (D:2)
  5 fungi (D:4)
  9 toadstools (D:4)
16 creatures vanquished.

Grand Total: 99 creatures vanquished

Notes
Turn   | Place    | Note
-------+----------+-------------------------------------------
     0 | D:1      | Angani the Vine Stalker Venom Mage began the quest for the Orb.
     0 | D:1      | Reached XP level 1. HP: 9/9 MP: 4/4
   304 | D:1      | Reached skill level 1 in Fighting
   351 | D:1      | Reached XP level 2. HP: 13/14 MP: 1/6
   896 | D:1      | Reached XP level 3. HP: 17/18 MP: 5/7
   915 | D:1      | Reached skill level 1 in Short Blades
  1555 | D:2      | Found a stormy altar of Qazlal.
  1603 | D:2      | Gained mutation: Your natural rate of healing is unusually fast. [Vine Stalker growth]
  1603 | D:2      | Reached XP level 4. HP: 23/23 MP: 8/8
  1940 | D:2      | Found a glowing silver altar of Zin.
  2044 | D:3      | Reached skill level 1 in Armour
  2649 | D:3      | Reached XP level 5. HP: 20/26 MP: 5/9
  3040 | D:4      | Reached skill level 2 in Dodging
  3043 | D:4      | Noticed a phantom
  3053 | D:5      | Entered Level 5 of the Dungeon
  3076 | D:5      | Noticed an ice beast
  3106 | D:4      | Gained mutation: You occasionally shout uncontrollably at your foes. [potion of mutation]
  3106 | D:4      | Gained mutation: You have a pair of small antennae on your head. [potion of mutation]
  3106 | D:4      | Gained mutation: You are frail. (-10% HP) [potion of mutation]
  3106 | D:4      | Lost mutation: You are frail. (-10% HP) [potion of mutation]
  3160 | D:4      | Noticed a phantom
  3160 | D:4      | Noticed an ogre
  3171 | D:4      | Noticed Chiseanne's ghost (amateur DsWn)
  3419 | D:4      | Killed Chiseanne's ghost
  3419 | D:4      | Reached skill level 3 in Dodging
  3419 | D:4      | Reached XP level 6. HP: 26/30 MP: 7/10
  3424 | D:4      | HP: 1/30 [ogre/giant club (3)]
  3425 | D:4      | Reached skill level 4 in Dodging
  3448 | D:4      | Slain by a howler monkey

Skill      XL: |  1  2  3  4  5  6 |
---------------+-------------------+-----
Fighting       | 1 2 |  2.0
Short Blades   | 2 |  2.0
Armour         | 2 |  2.1
Dodging        | 3 4 |  4.4
Stealth        | |  2.4
Spellcasting   | |  2.1
Conjurations   | |  1.0
Poison Magic   | |  3.0

Action                   |  1- 3 |  4- 6 || total
-------------------------+-------+-------++-------
Melee: Unarmed           |     5 |       ||     5
       Bite              |    16 |    29 ||    45
       Short sword       |    64 |   132 ||   196
 Cast: Sting             |    34 |    67 ||   101
  Use: Scroll            |       |    10 ||    10
       Potion            |       |     4 ||     4
 Stab: Sleeping          |     5 |     8 ||    13
       Distracted        |     1 |       ||     1
  Eat: Chunk             |     3 |     6 ||     9
Armor: Robe              |    25 |    32 ||    57
Dodge: Dodged            |    67 |   108 ||   175
Block: Other             |       |    33 ||    33
